 Dungeon Crawl Stone Soup version 0.20-a0-1018-ge435b50 (webtiles) character file.

297 JeffiDaFish the Covered (level 6, -5/38 HPs)
             Began as a Gargoyle Fighter on Apr 16, 2017.
             Killed from afar by a white imp (8 damage)
             ... with a puff of frost
             ... summoned by Natasha
             ... on level 4 of the Dungeon.
             The game lasted 00:04:51 (2302 turns).

JeffiDaFish the Covered (Gargoyle Fighter)          Turns: 2302, Time: 00:04:52

Health: -5/38      AC: 12    Str: 20    XL:     6   Next: 35%
Magic:  6/6        EV:  8    Int:  8    God:
Gold:   126        SH:  9    Dex: 11    Spells: 5/5 levels left

rFire    + + .     SeeInvis .   a - +0 flail
rCold    . . .     Gourm    .   c - +0 shield
rNeg     + . .     Faith    .   b - +0 scale mail
rPois    ∞         Spirit   .   (helmet restricted)
rElec    +         Reflect  .   k - scarf {rC+ rF+}
rCorr    .         Harm     .   (no gloves)
MR       .....                  e - +0 pair of boots
Stlth    ..........             (no amulet)
Regen    0.2/turn               l - ring of fire
MPRegen  0.1/turn               (no ring)

@: no status effects
A: beak, mutation resistance 1, negative energy resistance 1, electricity
resistance, unbreathing, petrification resistance, rot immunity, AC +4
a: no special abilities


You were on level 4 of the Dungeon.
You were not hungry.

You visited 1 branch of the dungeon, and saw 4 of its levels.

You collected 126 gold pieces.

Inventory:

Hand Weapons
 a - a +0 flail (weapon)
Armour
 b - a +0 scale mail (worn)
 c - a +0 shield (worn)
 e - a +0 pair of boots (worn)
 k - a scarf of resistance (worn)
Jewellery
 l - a ring of fire (left hand)
Scrolls
 h - a scroll of teleportation
 n - a scroll of identify
 o - a scroll of remove curse
Potions
 d - a potion of might
 m - a potion of curing
Comestibles
 f - 2 bread rations
 g - 3 chunks of flesh
 i - 2 royal jellies
 j - 6 fruits


   Skills:
 + Level 4.0 Fighting
 + Level 4.3 Maces & Flails
 + Level 4.5 Armour
 + Level 1.0 Dodging
 + Level 4.5 Shields


You had 5 spell levels left.
You didn't know any spells.

Dungeon Overview and Level Annotations

Branches:
Dungeon (4/15)
 Temple: D:4-7

Altars:
Nemelex Xobeh
Uskayaw

Annotations:
D:4 Natasha


Innate Abilities, Weirdness & Mutations

You are resistant to torment.
Your stone body is resilient. (AC +4)
You are immune to poison.
You resist negative energy. (rN+)
You are resistant to electric shocks. (rElec)
You can survive without breathing.
You are immune to petrification.
You are immune to rotting.
You have a beak for a mouth.
You are somewhat resistant to further mutation.


Message History

The white imp hits you but does no damage.
You hit Natasha but do no damage.
Natasha stares at you and mumbles some strange words.
The magic dart hits you! The white imp hits you. The white imp freezes you.
You barely miss Natasha. Natasha barely misses you. The white imp hits you.
* * * LOW HITPOINT WARNING * * *
The white imp freezes you.
* * * LOW HITPOINT WARNING * * *
The white imp shouts, "Slither hence, thou artless fool-headed lout!"
Natasha casts a spell.
You closely miss Natasha. Your peck misses Natasha. The white imp hits you.
* * * LOW HITPOINT WARNING * * *
The white imp freezes you.
* * * LOW HITPOINT WARNING * * *
You block Natasha's attack.
You closely miss Natasha. Your peck misses Natasha.
The white imp closely misses you. You block Natasha's attack.
The white imp gestures at you. The puff of frost hits you!
You die...

.. .# .#
.# #####
.###
...... 55.
.....###h#
#...@.#
###5###
#.# #.#
#.# #.#
#.# #.#
#.# #####


You could see Natasha, a crimson imp and 2 white imps.

Vanquished Creatures
  An orc warrior (D:3)
  An orc wizard (D:3)
  11 adders
  3 worms (D:2)
  3 dart slugs
  3 leopard geckos
  3 orcs (D:3)
  4 bats
  2 giant cockroaches
  10 goblins
  4 hobgoblins
  3 jackals (D:3)
  7 kobolds
  3 quokkas
  2 frilled lizards (D:2)
  8 rats
68 creatures vanquished.

Notes
Turn   | Place    | Note
-------+----------+-------------------------------------------
     0 | D:1      | JeffiDaFish the Gargoyle Fighter began the quest for the Orb.
     0 | D:1      | Reached XP level 1. HP: 14/14 MP: 1/1
    96 | D:1      | Gained mutation: You have a somewhat thin skeletal structure. (Dex +2, Stealth) [potion of mutation]
    96 | D:1      | Gained mutation: You have sharp fingernails. [potion of mutation]
    96 | D:1      | Gained mutation: You are somewhat resistant to further mutation. [potion of mutation]
   197 | D:1      | Reached XP level 2. HP: 16/19 MP: 2/2
   600 | D:1      | Reached XP level 3. HP: 23/23 MP: 3/3
   906 | D:2      | Reached XP level 4. HP: 19/28 MP: 4/4
  1188 | D:2      | Found a hide-covered altar of Uskayaw.
  1313 | D:2      | Lost mutation: You have a somewhat thin skeletal structure. (Dex +2, Stealth) [potion of mutation]
  1313 | D:2      | Lost mutation: You have sharp fingernails. [potion of mutation]
  1313 | D:2      | Gained mutation: You have a beak for a mouth. [potion of mutation]
  1357 | D:2      | Reached XP level 5. HP: 29/32 MP: 5/5
  1532 | D:2      | Found a sparkling altar of Nemelex Xobeh.
  1790 | D:3      | Noticed an orc warrior
  1803 | D:3      | Killed an orc warrior
  1803 | D:3      | Reached XP level 6. HP: 10/38 MP: 6/6
  2252 | D:3      | Reached skill level 1 in Dodging
  2292 | D:4      | Noticed Natasha
  2302 | D:4      | Killed from afar by a white imp

Vault maps used:
D:1:      saegor_arrival_miasma, bh_walls_and_bars
D:2:      eat_drink_and_be_merry_uskayaw, marbit_many_paths, first_bread
D:4:      kennysheep_mini, uniq_natasha, uniq_grinder

Skill      XL: |  1  2  3  4  5  6 |
---------------+-------------------+-----
Maces & Flails | 3 4 |  4.3
Armour         | 4 |  4.5
Shields        | 4 |  4.5
Fighting       | 4 |  4.0
Dodging        | 1 |  1.0

Action                   |  1- 3 |  4- 6 || total
-------------------------+-------+-------++-------
Melee: Flail             |    99 |   157 ||   256
       Peck              |       |    15 ||    15
  Use: Scroll            |     3 |     2 ||     5
       Potion            |     1 |     4 ||     5
  Eat: Chunk             |       |     5 ||     5
Armor: Scale mail        |    50 |   103 ||   153
Dodge: Dodged            |    34 |    40 ||    74
Block: Shield            |    48 |    92 ||   140
